 Dungeon Crawl Stone Soup version 0.19-a0-1886-gd64a0f0 (webtiles) character file.

101 Alarkh the Caller (level 4, -8/30 HPs)
             Began as a Mummy Summoner on Oct 16, 2016.
             Killed from afar by Tux's ghost (13 damage)
             ... with a stone arrow
             ... while paralysed by Grinder
             ... on level 3 of the Dungeon.
             The game lasted 00:04:55 (2607 turns).

Alarkh the Caller (Mummy Summoner)                  Turns: 2607, Time: 00:04:56

Health: -8/30      AC:  2    Str: 11    XL:     4   Next: 48%
Magic:  9/9        EV:  2    Int: 15    God:
Gold:   93         SH:  0    Dex: 12    Spells: 3 memorised, 2 levels left

rFire  x . .     SeeInvis .     c - +0 mace
rCold  + . .     Gourm    .     a - +0 robe
rNeg   + + +     Faith    .     (no shield)
rPois  ∞         Spirit   .     (no helmet)
rElec  .         Dismiss  .     (no cloak)
rCorr  .         Reflect  .     (no gloves)
MR     .....     Harm     .     (no boots)
Stlth  ++........               (no amulet)
                                (no ring)
                                h - +2 ring of evasion

@: paralysed
A: no food or potions, fire vulnerability, cold resistance 1, negative energy
resistance 3, torment resistance, unbreathing
a: no special abilities


You were on level 3 of the Dungeon.
You were not hungry.

You visited 1 branch of the dungeon, and saw 3 of its levels.

You collected 93 gold pieces.

Inventory:

Hand Weapons
 c - a +0 mace (weapon)
Armour
 a - a +0 robe (worn)
Jewellery
 h - a +2 ring of evasion (left hand)
Scrolls
 d - a scroll of blinking
 e - a scroll of identify
 f - a scroll of remove curse {unknown}
 g - a scroll of teleportation
Books
 b - a book of Callings

   Spells                             Type                      Level
   a - Summon Small Mammal            Summoning                    1
   b - Call Imp                       Summoning                    2
   c - Call Canine Familiar           Summoning                    3
   d - Summon Guardian Golem          Hexes/Summoning              3
   e - Summon Lightning Spire         Summoning/Air                4
   f - Summon Ice Beast               Ice/Summoning                4


   Skills:
 - Level 1.5 Dodging
 - Level 1.5 Stealth
 + Level 3.3 Spellcasting
 + Level 4.2 Summonings


You had 2 spell levels left.
You knew the following spells:

 Your Spells              Type           Power        Failure   Level  Hunger
a - Call Canine Familiar  Summ           ###.....     12%         3    N/A
b - Summon Small Mammal   Summ           ###.         3%          1    N/A
c - Summon Guardian Gole  Hex/Summ       #.......     30%         3    N/A

Dungeon Overview and Level Annotations

Branches:
Dungeon (3/15)

Altars:
Zin

Annotations:
D:3 Grinder; Tux's ghost, amateur GrEE


Innate Abilities, Weirdness & Mutations

You do not eat or drink.
Your flesh is vulnerable to fire.
You are immune to poison.
Your flesh is cold resistant. (rC+)
You are immune to negative energy. (rN+++)
You are immune to unholy pain and torment.
You can survive without breathing.


Message History

Grinder blinks!
Tux's ghost points at you and mumbles some strange words.
The stone arrow misses you. Grinder hits you.
Tux's ghost points at you and mumbles some strange words.
The stone arrow hits you!
Ouch! That really hurt!
* * * LOW HITPOINT WARNING * * *
Grinder blinks!
Grinder gestures at you.
You suddenly lose the ability to move!
Grinder gestures at you. You resist with significant effort.
Grinder gestures at you.
You shrug off the repeated paralysis!
Grinder gestures at you.
You are unaffected.
Tux's ghost casts a spell at you. The stone arrow hits you!
You die...

####..........#
##.............#
#..#)....#.....#
#.###...###.5..# #.....
#..#.....#....##
####### #..#.#
##.............#
#.....# #.....
##.#..........###.###.#
#..#.#
###...........W.##†.#
#.###....)
#...#.....#.(..@##(##
#.##......
.)..###...###....##.#
#.#..#..†)
.##..#[....#........#
#.#.##...>
..[#.[.##......##.###
#†#.##....
##.######.###.###.#
#.#....... #.
#.........#
#.######...##....
#.......#####
#.#......#.......
##.##....
##...#..#.#.##....
#....##.
#....#.#..#.##....


You could see Grinder and Tux's ghost.

Vanquished Creatures
  A worm (D:2)
  3 dart slugs
  A leopard gecko (D:2)
  An orc (D:3)
  3 giant cockroaches
  4 hobgoblins (D:1)
  4 kobolds
  A quokka (D:2)
  6 bats
  A frilled lizard (D:1)
  5 rats
30 creatures vanquished.

Vanquished Creatures (collateral kills)
  Ijyb (D:2)
  2 adders (D:2)
  2 worms (D:2)
  2 dart slugs
  2 leopard geckos
  4 orcs (D:3)
  4 bats (D:2)
  4 giant cockroaches
  A goblin (D:2)
  2 hobgoblins (D:3)
  2 jackals (D:2)
  A quokka (D:2)
  A frilled lizard (D:1)
  A kobold (D:2)
  2 rats
31 creatures vanquished.

Grand Total: 61 creatures vanquished

Notes
Turn   | Place    | Note
-------+----------+-------------------------------------------
     0 | D:1      | Alarkh the Mummy Summoner began the quest for the Orb.
     0 | D:1      | Reached XP level 1. HP: 13/13 MP: 3/3
   268 | D:1      | Reached XP level 2. HP: 17/19 MP: 5/5
  1178 | D:2      | Noticed Ijyb
  1187 | D:2      | Killed Ijyb
  1187 | D:2      | Reached XP level 3. HP: 19/24 MP: 4/7
  1192 | D:2      | Learned a level 3 spell: Call Canine Familiar
  1641 | D:2      | Reached skill level 4 in Summonings
  1646 | D:2      | Learned a level 3 spell: Summon Guardian Golem
  1849 | D:2      | Reached XP level 4. HP: 28/30 MP: 3/8
  2173 | D:3      | Noticed Tux's ghost (amateur GrEE)
  2187 | D:3      | Found a glowing silver altar of Zin.
  2312 | D:3      | Noticed Grinder
  2430 | D:3      | Paralysed by Grinder for 2 turns
  2499 | D:3      | Paralysed by Grinder for 2 turns
  2550 | D:3      | Paralysed by Grinder for 2 turns
  2602 | D:3      | Paralysed by Grinder for 6 turns
  2607 | D:3      | Killed from afar by Tux's ghost

Vault maps used:
D:1:      minmay_arrival_shoal_huts, minmay_small_reverse_x
D:2:      kennysheep_big_flooded_room, uniq_iyjb
D:3:      nicolae_overflow_crystal_walls, serial_glass, glass_columns_b,
          glass_columns_a, feat_on_display, minmay_strange_pillars,
          feat_on_display, uniq_grinder

Skill      XL: |  1  2  3 |
---------------+----------+-----
Spellcasting   | 3 |  3.3
Summonings     | 4 |  4.2
Dodging        | |  1.5
Stealth        | |  1.5

Action                   |  1- 3 |  4- 6 || total
-------------------------+-------+-------++-------
Melee: Mace              |    89 |    77 ||   166
       Unarmed           |     9 |       ||     9
 Cast: Summon Small Mamm |    24 |       ||    24
       Call Canine Famil |     5 |    10 ||    15
       Summon Guardian G |       |     5 ||     5
  Use: Scroll            |       |     2 ||     2
 Stab: Distracted        |       |     1 ||     1
Armor: Robe              |    27 |     7 ||    34
Dodge: Dodged            |    85 |    44 ||   129
